 Dungeon Crawl Stone Soup version 0.19-a0-1019-g9c6a58d (webtiles) character file.

196 Sixotanaka the Slasher (level 5, -5/34 HPs)
             Began as a High Elf Skald on July 24, 2016.
             Killed by divine providence
             ... invoked by an orc priest
              (13 damage)
             ... on level 4 of the Dungeon.
             The game lasted 00:09:10 (4189 turns).

Sixotanaka the Slasher (High Elf Skald)             Turns: 4189, Time: 00:09:10

Health: -5/34      AC:  3    Str: 10 (11) XL:     5   Next: 45%
Magic:  9/9        EV:  6    Int: 15 (16) God:
Gold:   152        SH: 10    Dex: 12 (15) Spells: 2 memorised, 5 levels left

rFire  . . .     SeeInvis .     a - +1 falchion
rCold  . . .     Gourm    .     s - +0 leather armour
rNeg   . . .     Faith    .     C - +0 large shield
rPois  .         Spirit   .     (no helmet)
rElec  .         Dismiss  .     (no cloak)
rCorr  .         Reflect  .     (no gloves)
SustAt .         Harm     .     (no boots)
MR     .....                    (no amulet)
Stlth  +.........               (no ring)
                                (no ring)

@: not resistant to hostile enchantments, very unstealthy
A: no striking features
a: no special abilities


You were on level 4 of the Dungeon.
You were near starving.

You visited 1 branch of the dungeon, and saw 4 of its levels.

You collected 243 gold pieces.
You spent 91 gold pieces at shops.


   Skills:
 - Level 2.0 Fighting
 * Level 6.6 Long Blades
 - Level 0.8 Armour
 - Level 1.1 Dodging
 + Level 1.3 Shields
 - Level 2.4 Spellcasting
 - Level 3.6 Charms


You had 5 spell levels left.
You knew the following spells:

 Your Spells              Type           Power        Failure   Level  Hunger
a - Shroud of Golubria    Chrm/Tloc      #.........   100%        2    ###....
z - Infusion              Chrm           ##..         98%         1    #......


Dungeon Overview and Level Annotations

Branches:
Dungeon (4/15)
 Temple: D:4-7

Altars:
Ashenzari

Shops:
D:4 (:=

Annotations:
D:2 1 runed door
D:3 Terence; edsrzf's ghost, amateur DsSk

Inventory:

Hand Weapons
 a - a +1 falchion (weapon)
Missiles
 A - 13 poisoned needles
Armour
 q - the +0 robe of Grottiness {Str+2}
   (You found it on level 4 of the Dungeon)

   It affects your strength (+2).
 s - a +0 leather armour (worn)
   (You took it off a kobold on level 2 of the Dungeon)
 C - a +0 large shield (worn)
   (You took it off an orc on level 3 of the Dungeon)
Jewellery
 e - an uncursed amulet of harm
   (You found it on level 1 of the Dungeon)
Scrolls
 i - a scroll of remove curse {@r2}
 j - a scroll of enchant weapon
 o - a scroll of enchant armour
 r - 3 scrolls of amnesia
 t - a scroll of identify {@r1}
 y - a scroll of teleportation {@r4}
Potions
 b - a potion of might {unknown}
 h - a potion of agility {unknown}
 k - a potion of magic {unknown}
 l - a potion of resistance {unknown}
 p - a potion of brilliance {unknown}
 u - 2 potions of degeneration {!q}
 w - a potion of mutation {unknown}
 x - a potion of berserk rage {unknown}
 z - a potion of haste {unknown}
Books
 c - a book of Battle
Comestibles
 d - 5 bread rations {@e1}
 f - 3 slices of pizza
 g - a beef jerky
 n - 2 meat rations {@e2}

###..####...####.#
#...# #...# #.###
#...# #...# #...#
#...# ##########.#
###..# #...#.#
#..# ######.#.#.#
###.# #..o.o§....#
.. §# #....#o#.#.#
..[.. #...o#@#...#
o..o #.o..#.###.#
....o #....#.. ..#
o..o..#o...#######
#......# #..#####
#8. #?. #.>


You could see an orc priest and an orc.


Message History

You hit the giant gecko.
You kill the giant gecko!
No target in view!
Found a scroll labeled MEUGIE SEZY.
b - a dark potion
Found a stone staircase leading down.
Found Ukloibus's Jewellery Emporium.
t - a scroll of identify {@r1} An orc and an orc priest come into view.
The orc priest shouts!
The orc shouts!
Found a scale mail.
You see here a slice of pizza.
f - 3 slices of pizza (gained 1)
The orc wizard casts a spell.
The orc wizard blinks! 2 orcs come into view.
You are near starving!
You closely miss the orc. The orc barely misses you.
You hit the orc. The orc closely misses you.
You hit the orc. The orc hits you with a hand axe.
You slash the orc!
You kill the orc!
You barely miss the orc priest.
The orc priest invokes the aid of Beogh against you.
Pain shoots through your body!
You closely miss the orc priest.
The orc priest hits you with a hand axe.
* * * LOW HITPOINT WARNING * * *
You closely miss the orc priest. You block the orc priest's attack.
Unknown command.
You closely miss the orc priest.
The orc priest invokes the aid of Beogh against you.
Beogh smites you!
* * * LOW HITPOINT WARNING * * *
You hear a shout! x2
You hit the orc priest. You block the orc priest's attack.
The orc wizard gestures wildly while chanting.
The orc wizard seems to speed up.
It was a potion of curing.
You feel better.
The orc priest mumbles some strange prayers to Beogh against you.
Beogh smites you!
* * * LOW HITPOINT WARNING * * *
Unknown command.
You feel better. You block the orc priest's attack.
You hit the orc priest.
The orc wizard mumbles some strange words.
The orc wizard blinks!
The orc priest mumbles some strange prayers to Beogh against you.
Beogh smites you!
You die...

Vault maps used:
D:1:      mrwooster_arrival_arrow, ashenzari_altar_1
D:2:      ecumenical_altar_2, kennysheep_generic_room_4, uniq_crazy_yiuf_cottage
D:3:      uniq_terence
D:4:      serial_shops, shop, shop_statue, nicolae_shop_behind_doors,
          nicolae_shop_temple_entry_statues_fountains,
          nicolae_shop_window_shopping, first_bread

Vanquished Creatures
  A scorpion (D:4)
  2 worker ants (D:4)
  4 adders
  An ooze (D:4)
  2 worms (D:3)
  2 dart slugs
  A giant gecko (D:4)
  2 orcs
  2 giant cockroaches
  4 goblins
  3 hobgoblins (D:2)
  10 kobolds
  A quokka (D:3)
  7 bats
  4 giant newts
  3 rats
49 creatures vanquished.

Table legend:
 A = Turns spent in this place as a percentage of turns spent in the entire game.
 B = Non-inter-level travel turns spent in this place as a percentage of non-inter-level travel turns spent in the entire game.
 C = Inter-level travel turns spent in this place as a percentage of turns spent in this place.
 D = Turns resting spent in this place as a percentage of non-inter-level travel turns spent in this place.
 E = Turns spent auto-exploring this place as a percentage of non-inter-level travel turns spent in this place.
 F = Non-inter-level travel turns spent in this place divided by the number of levels of this place that you've seen.
                   A       B       C       D       E      F
               +-------+-------+-------+-------+-------+----------------------
         Total | 100.0 | 100.0 |   0.6 |   6.9 |  14.8 | 276.5
       Dungeon | 100.0 | 100.0 |   0.6 |   6.9 |  14.8 | 276.5
               +-------+-------+-------+-------+-------+----------------------

Table legend:
 A = Kills in this place as a percentage of kills in entire the game.
 B = Kills by you in this place as a percentage of kills by you in the entire game.
 C = Kills by friends in this place as a percentage of kills by friends in the entire game.
 D = Other kills in this place as a percentage of other kills in the entire game.
 E = Experience gained in this place as a percentage of experience gained in the entire game.
 F = Experience gained in this place divided by the number of levels of this place that you have seen.
                   A       B       C       D       E      F
               +-------+-------+-------+-------+-------+----------------------
         Total | 100.0 | 100.0 |  -nan |  -nan | 100.0 |  70.0
       Dungeon | 100.0 | 100.0 |  -nan |  -nan | 100.0 |  70.0
               +-------+-------+-------+-------+-------+----------------------

Notes
Turn   | Place    | Note
-------+----------+-------------------------------------------
     0 | D:1      | Sixotanaka the High Elf Skald began the quest for the Orb.
     0 | D:1      | Reached XP level 1. HP: 14/14 MP: 4/4
   218 | D:1      | Reached skill level 3 in Long Blades
   359 | D:1      | Reached XP level 2. HP: 18/19 MP: 6/6
   389 | D:1      | Learned a level 2 spell: Shroud of Golubria
   424 | D:1      | Found a shattered altar of Ashenzari.
   853 | D:2      | Reached skill level 4 in Long Blades
  1035 | D:2      | Found a runed door.
  1076 | D:2      | Reached XP level 3. HP: 22/24 MP: 1/7
  1512 | D:2      | Found a faded altar of an unknown god.
  1873 | D:3      | Reached skill level 5 in Long Blades
  2034 | D:3      | Reached XP level 4. HP: 29/29 MP: 8/8
  2237 | D:3      | Noticed edsrzf's ghost (amateur DsSk)
  2502 | D:3      | Noticed an ice beast
  2571 | D:3      | HP: 6/29 [edsrzf's ghost (6)]
  2970 | D:4      | Found Tonesch's Book Shop.
  3123 | D:4      | Reached skill level 6 in Long Blades
  3329 | D:4      | HP: 7/29 [worker ant (5)]
  3337 | D:4      | Reached skill level 1 in Shields
  3337 | D:4      | Reached XP level 5. HP: 24/34 MP: 9/9
  3483 | D:3      | Noticed Terence
  3534 | D:4      | Got a crude robe
  3545 | D:4      | Identified the +0 robe of Grottiness {Str+2} (You found it on level 4 of the Dungeon)
  3562 | D:4      | Found Nuofous's Antique Weapon Emporium.
  3567 | D:4      | Bought a runed long sword for 91 gold pieces
  4164 | D:4      | Found Ukloibus's Jewellery Emporium.
  4185 | D:4      | HP: 6/34 [orc priest/divine providence (8)]
  4187 | D:4      | HP: 1/34 [orc priest/divine providence (13)]
  4189 | D:4      | Killed from afar by an orc priest

Action                   |  1- 3 |  4- 6 || total
-------------------------+-------+-------++-------
Melee: Falchion          |   129 |   129 ||   258
 Cast: Infusion          |     6 |     3 ||     9
       Shroud of Golubri |     4 |     2 ||     6
  Use: Scroll            |       |    10 ||    10
       Potion            |       |     4 ||     4
 Stab: Sleeping          |     1 |     1 ||     2
  Eat: Chunk             |     4 |     4 ||     8
       Beef jerky        |       |     1 ||     1
Armor: Leather armour    |    34 |    15 ||    49
Dodge: Dodged            |    63 |    34 ||    97
Block: Large shield      |       |    42 ||    42
